Map: Beckett Industries LE

Players

Gerald

  • Race: Protoss Protoss

MaxPax - Winner!

  • Race: Protoss Protoss

Event: DreamHack SC2 Masters 2021 Fall

VOD

Have the link to the VOD?

Description

Time

  • Played on: July 28, 2021, 2:43 p.m.
  • Length: 12:47

All games in this series

Show
View Real Time Build Order
Export as new Build Order

Gerald Protoss 

Build Orders: Blink Stalkers, Dark Templar Rush 

Get SALT Encoding   

  12  0:00  Probe  
  13  0:12  Probe  
  14  0:17  Pylon  
  14  0:24  Probe (Chrono Boost)  
  16  0:37  Probe (Chrono Boost)  
  16  0:38  Gateway  
  16  0:42  Probe (Chrono Boost)  
  16  0:49  Assimilator  
  17  0:51  Probe  
  18  1:03  Probe (Chrono Boost)  
  19  1:05  Assimilator  
  19  1:13  Pylon, Probe (Chrono Boost)  
  19  1:18  Probe (Chrono Boost)  
  21  1:30  Probe  
  21  1:31  Cybernetics Core  
  22  1:35  Zealot  
  24  1:42  Probe  
  24  1:45  Pylon  
  26  1:54  Probe  
  26  2:06  Stalker, Probe  
  26  2:08  Warp Gate  
  29  2:13  Cybernetics Core  
  29  2:25  Probe  
  29  2:27  Pylon  
  30  2:40  Sentry  
  31  2:45  Probe  
  31  2:47  Twilight Council  
  32  2:54  Shield Battery  
  32  2:59  Probe  
  32  3:04  Gateway  
  33  3:15  Nexus  
  33  3:20  Probe (Chrono Boost)  
  34  3:29  Blink, Probe (Chrono Boost)  
  33  3:37  Dark Shrine  
  33  3:42  Probe  
  34  3:52  Robotics Facility  
  34  3:54  Probe (Chrono Boost)  
  35  4:03  Pylon  
  35  4:06  Probe (Chrono Boost)  
  36  4:12  Probe (Chrono Boost)  
  37  4:21  Probe (Chrono Boost)  
  37  4:24  Adept x2  
  42  4:29  Probe (Chrono Boost)  
  44  4:32  Probe (Chrono Boost)  
  44  4:35  Forge  
  44  4:39  Observer, Probe x2 (Chrono Boost)  
  44  4:45  Gateway  
  47  4:52  Probe  
  48  5:05  Probe  
  48  5:06  Stalker x2  
  51  5:08  Assimilator  
  51  5:09  Protoss Ground Weapons Level 1 (Chrono Boost)  
  49  5:14  Probe  
  49  5:19  Immortal (Chrono Boost)  
  49  5:20  Probe  
  55  5:32  Stalker x2  
  60  5:35  Probe  
  60  5:39  Shield Battery  
  60  5:41  Gateway  
  60  5:43  Pylon  
  60  5:51  Nexus  
  60  5:57  Pylon  
  60  6:01  Observer  
  61  6:10  Gateway  
  61  6:17  Dark Templar  
  61  6:18  Stalker x2  
  64  6:20  Shield Battery  
  64  6:23  Probe x2  
  68  6:35  Probe  
  68  6:37  Stalker  
  68  6:38  Pylon  
  71  6:44  Probe  
  71  6:46  Stalker x2  
  76  6:48  Probe  
  76  6:50  Pylon  
  77  6:54  Charge  
  77  6:57  Probe (Chrono Boost)  
  79  7:02  Probe (Chrono Boost)  
  79  7:06  Robotics Bay, Probe (Chrono Boost)  
  80  7:10  Probe (Chrono Boost)  
  80  7:13  Probe (Chrono Boost)  
  83  7:16  Probe (Chrono Boost)  
  83  7:17  Assimilator x2  
  83  7:18  Probe (Chrono Boost)  
  83  7:19  Protoss Ground Weapons Level 2 (Chrono Boost)  
  83  7:20  Probe (Chrono Boost)  
  83  7:22  Probe (Chrono Boost)  
  85  7:23  Probe (Chrono Boost)  
  85  7:26  Probe  
  86  7:30  Observer  
  86  7:33  Probe  
  86  7:34  Assimilator  
  86  7:35  Probe  
  89  7:38  Probe  
  89  7:39  Pylon x2  
  90  7:44  Zealot x3  
  90  7:45  Probe  
  90  7:49  Robotics Facility, Probe  
  90  7:50  Disruptor (Chrono Boost)  
  101  8:07  Nexus, Gateway  
  101  8:09  Gateway  
  100  8:20  Disruptor  
  100  8:23  Shield Battery  
  100  8:24  Pylon, Gravitic Boosters (Chrono Boost), Photon Cannon  
  100  8:26  Probe  
  104  8:31  Probe  
  104  8:32  Probe  
  104  8:34  Photon Cannon  
  106  8:36  Photon Cannon  
  106  8:44  Zealot x2  
  106  8:45  Zealot  
  104  8:50  Dark Templar x2  
  104  8:52  Probe  
  105  8:55  Disruptor (Chrono Boost)  
  105  9:01  Disruptor (Chrono Boost)  
  105  9:02  Probe x2  
  110  9:05  Photon Cannon  
  110  9:06  Stalker  
  112  9:12  Photon Cannon, Probe  
  112  9:16  Probe  
  114  9:17  Stalker  
  114  9:18  Stalker  
  114  9:20  Probe x2  
  120  9:28  Stalker  
  120  9:29  Stalker  
  120  9:30  Disruptor  
  126  9:33  Zealot x2  
  126  9:37  Stalker  
  132  9:43  Stalker  
  132  9:44  Stalker  
  133  9:49  Probe  
  133  9:50  Photon Cannon  
  133  9:52  Shield Battery  
  131  9:54  Pylon  
  131  9:56  Stalker x3  
  125  10:21  Probe  
  125  10:24  Pylon  
  125  10:25  Nexus  
  125  10:28  Photon Cannon  
  125  10:29  Photon Cannon  
  125  10:30  Shield Battery x2  
  125  10:33  Pylon  
  125  10:34  Pylon  
  125  10:36  Photon Cannon  
  125  10:38  Pylon x2, Photon Cannon  
  125  10:42  Disruptor  
  128  10:49  Stalker x2  
  132  10:50  Pylon  
  132  10:56  Zealot x3  
  136  11:08  Shadow Stride (Chrono Boost)  
  136  11:10  Robotics Facility  
  137  11:18  Observer  
  137  11:22  Dark Templar x5  
  132  11:40  Observer  
  117  11:57  Stalker x5  
  117  11:59  Disruptor  
  117  12:00  Disruptor  
  115  12:23  Stalker x2  
  115  12:25  Probe  
  103  12:31  Probe  
  103  12:33  Dark Templar x3  
Show
View Real Time Build Order
Export as new Build Order

MaxPax Protoss - Winner!

Build Orders: Phoenix Opening, Blink Stalkers 

Get SALT Encoding   

  12  0:00  Probe  
  13  0:12  Probe  
  14  0:19  Pylon  
  14  0:24  Probe  
  15  0:37  Probe (Chrono Boost)  
  15  0:39  Gateway  
  16  0:47  Assimilator, Probe (Chrono Boost)  
  17  0:52  Probe (Chrono Boost)  
  17  0:56  Assimilator  
  18  1:03  Probe  
  19  1:08  Pylon  
  19  1:16  Probe (Chrono Boost)  
  21  1:26  Cybernetics Core  
  21  1:27  Probe (Chrono Boost)  
  21  1:31  Zealot  
  23  1:32  Probe (Chrono Boost)  
  24  1:44  Probe  
  25  1:56  Probe  
  26  2:02  Stalker (Chrono Boost)  
  26  2:03  Warp Gate  
  26  2:08  Probe  
  29  2:21  Pylon  
  29  2:23  Probe  
  29  2:29  Pylon  
  30  2:35  Probe  
  31  2:39  Sentry  
  31  2:41  Twilight Council  
  33  2:47  Shield Battery  
  33  2:48  Probe  
  33  2:56  Nexus  
  33  3:00  Probe  
  34  3:06  Shield Battery  
  34  3:10  Sentry  
  36  3:13  Probe  
  36  3:14  Phoenix  
  37  3:22  Blink (Chrono Boost)  
  37  3:25  Probe  
  38  3:34  Shield Battery  
  37  3:37  Probe  
  38  3:45  Gateway  
  38  3:49  Pylon  
  38  3:53  Probe  
  39  4:05  Robotics Facility  
  39  4:09  Probe (Chrono Boost)  
  41  4:12  Probe (Chrono Boost)  
  41  4:18  Probe (Chrono Boost)  
  41  4:19  Stalker  
  41  4:21  Probe (Chrono Boost)  
  41  4:23  Probe (Chrono Boost)  
  45  4:31  Forge, Probe  
  46  4:35  Probe  
  46  4:36  Assimilator  
  48  4:40  Stalker  
  48  4:43  Probe  
  51  4:47  Probe  
  52  4:55  Pylon, Stalker  
  53  5:01  Phoenix  
  53  5:03  Probe  
  53  5:05  Probe  
  53  5:06  Observer (Chrono Boost)  
  54  5:09  Stalker  
  54  5:12  Pylon  
  54  5:13  Protoss Ground Weapons Level 1 (Chrono Boost)  
  56  5:17  Gateway  
  56  5:19  Probe  
  56  5:20  Gateway  
  57  5:23  Probe  
  57  5:27  Warp Prism (Chrono Boost)  
  60  5:36  Sentry, Stalker  
  64  5:56  Observer  
  65  6:00  Nexus  
  65  6:01  Stalker x2  
  69  6:08  Probe  
  69  6:09  Pylon  
  70  6:12  Pylon  
  70  6:27  Stalker  
  70  6:28  Stalker x2  
  70  6:32  Stalker, Probe  
  79  6:33  Probe  
  79  6:34  Charge  
  80  6:44  Probe  
  80  6:45  Probe  
  80  6:57  Stalker x2, Probe x2  
  80  7:00  Pylon  
  86  7:01  Gateway  
  86  7:05  Gateway  
  86  7:11  Photon Cannon  
  86  7:15  Probe (Chrono Boost)  
  89  7:16  Probe (Chrono Boost)  
  89  7:17  Protoss Ground Weapons Level 2 (Chrono Boost)  
  89  7:20  Probe (Chrono Boost)  
  89  7:21  Shield Battery  
  89  7:25  Probe (Chrono Boost)  
  89  7:27  Probe (Chrono Boost)  
  89  7:28  Probe (Chrono Boost)  
  89  7:29  Immortal (Chrono Boost)  
  92  7:30  Probe (Chrono Boost)  
  92  7:36  Probe  
  98  7:39  Probe  
  98  7:41  Photon Cannon  
  98  7:44  Photon Cannon  
  99  7:49  Gateway, Dark Shrine  
  99  7:56  Assimilator  
  99  7:59  Pylon  
  99  8:00  Pylon  
  99  8:04  Immortal (Chrono Boost)  
  99  8:07  Pylon  
  103  8:13  Zealot x3  
  103  8:17  Pylon  
  108  8:21  Zealot  
  108  8:26  Probe x3  
  113  8:30  Nexus  
  113  8:35  Observer  
  114  8:45  Probe  
  111  8:57  Probe  
  111  8:59  Probe  
  111  9:00  Stalker x4  
  111  9:01  Stalker  
  123  9:04  Probe  
  123  9:08  Pylon  
  124  9:11  Observer  
  124  9:13  Assimilator, Pylon, Stalker x2  
  124  9:15  Robotics Bay, Probe x2  
  130  9:20  Robotics Facility  
  130  9:26  Dark Templar x2  
  130  9:27  Zealot x3  
  138  9:42  Probe x2  
  140  9:47  Probe  
  140  9:48  Assimilator  
  140  9:51  Assimilator, Zealot x5  
  140  9:52  Probe  
  150  9:53  Photon Cannon  
  150  9:54  Probe x2  
  120  10:07  Probe  
  120  10:08  Disruptor (Chrono Boost)  
  120  10:10  Disruptor (Chrono Boost)  
  120  10:13  Photon Cannon  
  125  10:16  Assimilator  
  123  10:22  Shadow Stride (Chrono Boost)  
  123  10:33  Zealot x3  
  123  10:34  Zealot x4  
  137  10:37  Gateway  
  137  10:39  Gateway  
  137  10:40  Gateway  
  133  10:45  Disruptor x2  
  139  10:56  Probe x2  
  141  10:58  Pylon  
  127  11:05  Stalker  
  127  11:06  Stalker x6  
  127  11:08  Gateway  
  127  11:09  Shield Battery  
  141  11:12  Pylon  
  141  11:13  Photon Cannon  
  140  11:21  Observer  
  139  11:34  Dark Templar x5  
  139  11:36  Zealot x5  
  159  11:44  Observer  
  154  11:52  Photon Cannon  
  154  11:53  Photon Cannon  
  148  11:57  Dark Templar x3, Zealot x2  
  156  12:08  Observer  
  156  12:12  Nexus  
  138  12:30  Stalker x4  
  138  12:31  Stalker x7  

Tags
 
Add a new tag
Caveats
  • Supply blocks, unpowered buildings, or Contaminate may cause inaccurate times.
  • Supply counts are checked every 10 seconds.